 Dungeon Crawl Stone Soup version 0.20-a0-270-g8e735b6 (webtiles) character file.

2011 Duffy the Covert (level 9, -3/39 HPs)
             Began as a Spriggan Enchanter on Dec 11, 2016.
             Slain by an orc
             ... wielding a +0 trident
              (8 damage)
             ... on level 3 of the Dungeon.
             The game lasted 00:15:19 (7110 turns).

Duffy the Covert (Spriggan Enchanter)               Turns: 7110, Time: 00:15:20

Health: -3/39      AC:  3    Str:  4    XL:     9   Next: 2%
Magic:  14/22      EV: 19    Int: 16    God:
Gold:   275        SH:  0    Dex: 24    Spells: 13/25 levels left

rFire  . . .     SeeInvis +     a - +1 dagger
rCold  . . .     Gourm    .     b - +1 robe
rNeg   . . .     Faith    .     (shield restricted)
rPois  .         Spirit   .     (helmet restricted)
rElec  .         Reflect  .     (no cloak)
rCorr  .         Harm     .     (gloves unavailable)
MR     +....                    (boots unavailable)
Stlth  +++++.....               (no amulet)
                                n - +4 ring of dexterity
                                f - ring of wizardry

@: very quick
A: unfitting armour, see invisible, herbivore 3, speed 3, slow metabolism 2
a: no special abilities


You were on level 3 of the Dungeon.
You were full.

You visited 2 branches of the dungeon, and saw 9 of its levels.
You also visited: Bailey.

You collected 275 gold pieces.

Inventory:

Hand Weapons
 a - a +1 dagger (weapon)
Missiles
 s - 3 tomahawks (quivered)
 D - 38 tomahawks of returning
 I - 31 poisoned needles
Armour
 b - a +1 robe (worn)
 A - a +0 buckler
Jewellery
 f - a ring of wizardry (left hand)
 n - a +4 ring of dexterity (right hand)
 J - a cursed ring of loudness {unknown}
Wands
 g - a wand of disintegration (11/24)
 q - a wand of random effects (21/48)
 u - a wand of lightning (9/15)
 w - a wand of polymorph (21/24)
 z - a wand of acid (9/15)
 E - a wand of polymorph (8/24)
Scrolls
 e - a scroll of recharging {unknown}
 i - 6 scrolls of identify {unknown}
 j - 3 scrolls of enchant weapon {unknown}
 k - 2 scrolls of noise {unknown}
 o - 3 scrolls of remove curse {unknown}
 p - 2 scrolls of teleportation {unknown}
 x - a scroll of enchant armour {unknown}
 y - 2 scrolls of immolation {unknown}
Potions
 h - 2 potions of cancellation {unknown}
 l - a potion of lignification {unknown}
 m - 2 potions of curing {unknown}
 r - a potion of heal wounds {unknown}
 t - a potion of ambrosia {unknown}
 B - 17 potions of degeneration
 C - 2 potions of flight
 H - a potion of agility {unknown}
 K - a potion of invisibility {unknown}
Books
 c - a book of Maledictions

   Spells                             Type                      Level
   a - Corona                         Hexes                        1
   b - Ensorcelled Hibernation        Hexes/Ice                    2
   c - Confuse                        Hexes                        3
   d - Tukima's Dance                 Hexes                        3
   e - Dazzling Spray                 Conjuration/Hexes            3
Miscellaneous
 F - a phial of floods
 G - a lamp of fire
Comestibles
 d - 6 bread rations
 v - a slice of pizza


   Skills:
 - Level 5.0 Short Blades
 - Level 3.0 Dodging
 - Level 9.0 Stealth
 - Level 8.5 Spellcasting
 + Level 9.0 Hexes


You had 13 spell levels left.
You knew the following spells:

 Your Spells              Type           Power        Failure   Level  Hunger
a - Dazzling Spray        Conj/Hex       ###...       2%          3    #......
j - Confuse               Hex            #####...     1%          3    #......
k - Tukima's Dance        Hex            #####...     1%          3    #......
l - Ensorcelled Hibernat  Hex/Ice        ###...       1%          2    None
r - Corona                Hex            #####..      1%          1    None


Dungeon Overview and Level Annotations

Branches:
Dungeon (8/15)             Temple (1/1) D:7
   Lair: D:8-11

Altars:
Ashenzari
Cheibriados
Dithmenos
Elyvilon
Fedhas
Gozag
Hepliaklqana
Makhleb
Nemelex Xobeh
Okawaru
Qazlal
Ru
Sif Muna
Trog
Uskayaw
Vehumet
Xom
Yredelemnul
Zin
The Shining One

Shops:
D:4 ::}   D:5 (


Innate Abilities, Weirdness & Mutations

You are very small and have problems with some larger weapons.
You are too small for most types of armour.
You have supernaturally acute eyesight. (SInv)
You are a herbivore.
You cover ground extremely quickly.
You need consume almost no food.


Message History

Press: ? - help, Shift-Dir - straight line, f - orc
Aim: an orc, wielding a mace (chance to defeat MR: 68%)
The orc looks drowsy...
The helpless orc fails to defend itself.
You stick the orc like a pincushion!!!
You kill the orc!
The orc wizard casts a spell at you. The magic dart hits you!
Cast which spell? (? or * to list)
Aiming: Ensorcelled Hibernation
Press: ? - help, Shift-Dir - straight line, f - orc wizard
Aim: an orc wizard, wielding a dagger and wearing a robe (fast, chance to defeat MR: 50%)
The orc wizard looks drowsy...
The orc hits you from afar with a trident!
The orc wizard shouts!
Things that are here:
a mace; an orc corpse You closely miss the orc wizard.
The orc wizard hits you with a dagger.
The orc hits you from afar with a trident!
You die...

...... ......... ......##
.......... .......#
.......... .......#
#.........
......#######.........
########...................
................##.........
...............%@o)).......
#.######.#.##.#.##o........
#.# #.#.##.#.##.........
#.######.#%##.#.##.........
.....................>.....
#.###########.#.##.........
#.# #.#.###..###### #.#
#.#.# #..# #.# #.# #..#


You could see an orc wizard and an orc.

Vanquished Creatures
  Prince Ribbit (D:5)
  The ghost of Enish the Vandal, an amateur HuAr (D:5)
  6 orc warriors (Bailey)
  A centaur (D:5)
  A bullfrog (D:7)
  3 scorpions (D:4)
  A howler monkey (D:5)
  2 crimson imps (D:5)
  2 bullfrog zombies
  An orc priest (D:3)
  4 hounds
  An orc wizard (D:4)
  2 iguanas
  3 worker ants
  A hound zombie (D:7)
  8 gnolls
  4 adders
  An adder zombie (D:7)
  2 worms
  2 dart slugs
  5 leopard geckos
  11 orcs
  3 giant cockroaches
  10 goblins
  7 hobgoblins
  8 jackals
  2 quokkas
  A ball python (D:1)
  4 bats
  4 frilled lizards
  16 kobolds
  A leopard gecko skeleton (D:4)
  A quokka skeleton (D:7)
  7 rats
127 creatures vanquished.

Vanquished Creatures (collateral kills)
  An orc warrior (Bailey)
  An ogre (D:5)
  A gnoll (Bailey)
  A goblin (Bailey)
  2 hobgoblins (Bailey)
  2 kobolds (Bailey)
8 creatures vanquished.

Vanquished Creatures (others)
  5 dancing weapons (Bailey)
5 creatures vanquished.

Grand Total: 140 creatures vanquished

Notes
Turn   | Place    | Note
-------+----------+-------------------------------------------
     0 | D:1      | Duffy the Spriggan Enchanter began the quest for the Orb.
     0 | D:1      | Reached XP level 1. HP: 9/9 MP: 5/5
   421 | D:2      | Found a deep blue altar of Sif Muna.
   461 | D:2      | Reached skill level 2 in Short Blades
   461 | D:2      | Reached skill level 5 in Stealth
   461 | D:2      | Reached XP level 2. HP: 13/13 MP: 6/6
   466 | D:2      | Learned a level 2 spell: Ensorcelled Hibernation
   610 | D:2      | Reached XP level 3. HP: 9/16 MP: 5/8
  1164 | D:2      | Reached skill level 3 in Short Blades
  1164 | D:2      | Reached skill level 6 in Stealth
  1261 | D:2      | Reached XP level 4. HP: 21/21 MP: 9/9
  1659 | D:4      | Found Voarum's Gadget Shoppe.
  1703 | D:4      | Reached skill level 4 in Short Blades
  1703 | D:4      | Reached skill level 7 in Stealth
  1703 | D:4      | Reached XP level 5. HP: 24/24 MP: 10/10
  1893 | D:4      | Found Ihorr's Book Shop.
  1896 | D:4      | Reached skill level 8 in Stealth
  1896 | D:4      | Reached XP level 6. HP: 28/28 MP: 11/11
  1948 | D:4      | Reached skill level 5 in Short Blades
  2112 | D:4      | Found Waovyoni's Book Shop.
  2244 | D:4      | Reached skill level 9 in Stealth
  2272 | D:5      | Entered Level 5 of the Dungeon
  2288 | D:5      | Reached skill level 3 in Spellcasting
  2323 | D:5      | Noticed Prince Ribbit
  2334 | D:5      | Noticed Enish's ghost (amateur HuAr)
  2368 | D:4      | Learned a level 3 spell: Confuse
  2372 | D:4      | Learned a level 3 spell: Tukima's Dance
  2432 | D:5      | Found Cunla's Weapon Emporium.
  2444 | D:5      | Reached skill level 4 in Hexes
  2645 | D:5      | Killed Prince Ribbit
  2645 | D:5      | Reached skill level 4 in Spellcasting
  2645 | D:5      | Reached skill level 5 in Hexes
  2645 | D:5      | Reached XP level 7. HP: 32/32 MP: 5/14
  2692 | D:5      | Reached skill level 5 in Spellcasting
  2851 | D:5      | Killed Enish's ghost
  2851 | D:5      | Reached skill level 6 in Hexes
  3063 | D:5      | Found a stormy altar of Qazlal.
  3063 | D:5      | Found an opulent altar of Gozag.
  3067 | D:5      | Found a radiant altar of Vehumet.
  3069 | D:5      | Found a bloodstained altar of Trog.
  3069 | D:5      | Found an iron altar of Okawaru.
  3072 | D:5      | Found a snail-covered altar of Cheibriados.
  3074 | D:5      | Found a sparkling altar of Nemelex Xobeh.
  3162 | D:5      | Reached skill level 6 in Spellcasting
  3162 | D:5      | Reached XP level 8. HP: 36/36 MP: 12/18
  3804 | D:7      | Found a staircase to the Ecumenical Temple.
  3822 | Temple   | Entered the Ecumenical Temple
  3941 | D:7      | You fall through a shaft!
  3941 | D:8      | Found a burning altar of Makhleb.
  4129 | D:7      | Reached skill level 7 in Hexes
  4182 | D:7      | Found a glowing golden altar of the Shining One.
  4314 | D:7      | Found a flagged portal.
  4343 | Bailey   | Entered a bailey
  4711 | Bailey   | Reached skill level 7 in Spellcasting
  5001 | Bailey   | Reached skill level 8 in Hexes
  5328 | Bailey   | Reached skill level 8 in Spellcasting
  5410 | Bailey   | Learned a level 3 spell: Dazzling Spray
  7046 | D:3      | Reached XP level 9. HP: 39/39 MP: 22/22
  7099 | D:3      | Reached skill level 9 in Hexes
  7110 | D:3      | Slain by an orc

Vault maps used:
D:1:      tarquinn_simple_flora_water_e, minivault_25
D:2:      overflow_temple_1_default, minmay_heptomino_h4
D:3:      first_bread, dk_noncrumbling_3
D:4:      serial_shops, shop, shop, shop, shop, shop, minmay_small_thing
D:5:      minitemple, serial_shops, shop, uniq_prince_ribbit1
D:7:      kennysheep_mini, enter_bailey_7
D:8:      old_standard_altar, basic_altar
Temple:   jpeg_temple_clearing
Bailey:   bailey_axe_4, bailey

Skill      XL: |  1  2  3  4  5  6  7  8  9 |
---------------+----------------------------+-----
Short Blades   | 2 3 4 5 |  5.0
Stealth        | 5 6 7 8 9 |  9.0
Spellcasting   | 4 6 8 |  8.5
Hexes          | 5 6 8 9 |  9.0
Dodging        | |  3.0

Action                   |  1- 3 |  4- 6 |  7- 9 || total
-------------------------+-------+-------+-------++-------
Melee: Dagger            |    97 |   101 |   186 ||   384
 Cast: Ensorcelled Hiber |     9 |    20 |    43 ||    72
       Confuse           |       |     3 |    18 ||    21
       Tukima's Dance    |       |       |    10 ||    10
  Use: Potion            |       |       |     1 ||     1
 Stab: Sleeping          |     5 |    21 |    35 ||    61
       Confused          |       |     3 |     4 ||     7
       Distracted        |       |       |     1 ||     1
  Eat: Bread ration      |       |     1 |     1 ||     2
Armor: Robe              |     9 |    10 |    20 ||    39
Dodge: Dodged            |    79 |    76 |   193 ||   348
